[Event "Late-Titled-Tuesday-Blitz-February-20-2024"]
[Site "Chess.com"]
[Date "2024.02.20"]
[Round "6"]
[White "Polish_fighter3000"]
[Black "GnowReopard"]
[Result "1-0"]
[WhiteElo "3062"]
[BlackElo "2824"]
[TimeControl "180+1"]
[EndTime "15:04:56 PST"]
[Termination "Polish_fighter3000 won by resignation"]

1. e4 e6 2. d4 d5 3. Nc3 Nf6 4. e5 Nfd7 5. f4 c5 6. Nf3 Nc6 7. Be3 cxd4 8. Nxd4 Qb6 9. Ncb5 Bc5 10. a3 O-O 11. b4 Bxd4 12. Nxd4 Nxd4 13. Bxd4 Qc7 14.
Bd3 b6 15. O-O Bb7 16. Qh5 g6 17. Qh4 Rfc8 18. Rf3 Qd8 19. Qg4 Rc4 20. c3 Rac8 21. Bxc4 dxc4 22. Rh3 Be4 23. Qh4 Qxh4 24. Rxh4 a5 25.
Rh3 a4 26. Re3 Bd5 27. b5 Nc5 28. Bxc5 Rxc5 29. Rb1 Kg7 30. Kf2 h6 31. h4 h5 32.
Re2 Rc8 33. Rb4 Kf8 34. Rxa4 Rc7 35. Ra6 Rb7 36. Ke3 Ke7 37. a4 Kd7 38. g3 Kc7 39.
Kd4 Kb8 40. Rb2 1-0

[Event "Late-Titled-Tuesday-Blitz-February-20-2024"]
[Site "Chess.com"]
[Date "2024.02.20"]
[Round "6"]
[White "only_strong_moves"]
[Black "Tunahan_Makaraci"]
[Result "1-0"]
[WhiteElo "2675"]
[BlackElo "2515"]
[TimeControl "180+1"]
[EndTime "15:04:56 PST"]
[Termination "only_strong_moves won by resignation"]

1. e4 c5 2. Nf3 Nc6 3. c3 d5 4. exd5 Qxd5 5. d4 Bf5 6. Na3 cxd4 7. Nb5 O-O-O 8. cxd4 e5 9. Nc3 Bb4 10. a3 Bxc3+ 11.
bxc3 exd4 12. cxd4 Nxd4 13. Nxd4 Qxd4 14. Qxd4 Rxd4 15.
Be3 Rd6 16. Rc1+ Kd8 17. Bc4 Be6 18. O-O Nf6 19. Be2 b6 20. Bf4 Rd7 21. Bb5 Rd5 22. Bc6 Rd4 23. Rfd1 Rxd1+ 24. Rxd1+ Kc8 25. Rc1 Kd8 26. Bb8 a5 27. Bb7 Nd7 28. Rc8+ 1-0

[Event "Late-Titled-Tuesday-Blitz-February-20-2024"]
[Site "Chess.com"]
[Date "2024.02.20"]
[Round "6"]
[White "chegueps"]
[Black "ninguno46"]
[Result "0-1"]
[WhiteElo "2654"]
[BlackElo "2530"]
[TimeControl "180+1"]
[EndTime "15:04:56 PST"]
[Termination "ninguno46 won by resignation"]

1. d4 Nf6 2. Nf3 e6 3. Bg5 h6 4. Bh4 c5 5. e3 Be7 6. Nbd2 b6 7.
Bd3 Bb7 8. O-O O-O 9. c3 Nc6 10. a4 cxd4 11. exd4 d6 12. Qe2 Re8 13. Rfe1 Nb8 14.
Nb3 a6 15. Nbd2 Nbd7 16. h3 Qc7 17. Nc4 b5 18. axb5 axb5 19. Ne3 b4 20. cxb4 Qb6 21.
b5 Rxa1 22. Rxa1 Bxf3 23. Qxf3 Qxd4 24. Ra8 Qxh4 25. Rxe8+ Nxe8 26. Qc6 Nef6 27. b6 Qd4 28. Qc8+ Bf8 29. b7 Qxd3 30. Nc4 Qb3 31. Nxd6 Qd1+ 0-1

[Event "Late-Titled-Tuesday-Blitz-February-20-2024"]
[Site "Chess.com"]
[Date "2024.02.20"]
[Round "6"]
[White "wild3000"]
[Black "cthake"]
[Result "1-0"]
[WhiteElo "2394"]
[BlackElo "1802"]
[TimeControl "180+1"]
[EndTime "15:04:56 PST"]
[Termination "wild3000 won on time"]

1. d4 e6 2. g3 f5 3. Bg2 Nf6 4. c4 Be7 5. Nc3 O-O 6. e3 c6 7.
d5 cxd5 8. cxd5 Bb4 9. Ne2 e5 10. d6 Qb6 11. O-O Bxd6 12. a4 Bb4 13. Nd5 Qc5 14.
Nxf6+ Rxf6 15. Bd2 Bxd2 16. Qxd2 Nc6 17. Rfc1 Qe7 18.
a5 Rd6 19. Qc2 Qf6 20. Qc5 h6 21. Nc3 Kh7 22. Nb5 Rd2 23. Qc3 Re2 24. Bf1 1-0

[Event "Late-Titled-Tuesday-Blitz-February-20-2024"]
[Site "Chess.com"]
[Date "2024.02.20"]
[Round "6"]
[White "Oleksandr_Bortnyk"]
[Black "LuckyTiger"]
[Result "1-0"]
[WhiteElo "3070"]
[BlackElo "2773"]
[TimeControl "180+1"]
[EndTime "15:04:59 PST"]
[Termination "Oleksandr_Bortnyk won on time"]

1. e4 c5 2. c3 d5 3. exd5 Qxd5 4. d4 Nf6 5. Be3 cxd4 6. cxd4 e6 7. Nc3 Qa5 8. Bd3 Nc6 9. Nf3 Be7 10. a3 O-O 11.
O-O Bd7 12. b4 Qd8 13. h3 Rc8 14. Rc1 h6 15. Qe2 Bd6 16. Rfd1 Ne7 17. Ne5 Bc6 18.
Nxc6 Rxc6 19. Qf3 Bb8 20. Bxh6 Qc7 21. g3 gxh6 22. Qxf6 Rxc3 23. Rxc3 Qxc3 24. Qxe7 Qb3 25. Be2 Qd5 26. Qf6 Qg5 27. Qf3 Qd5 28. Qxd5 exd5 29. Bf3 Rd8 30. Rc1 a6 31. Bxd5 Ba7 32. Bxb7 Rxd4 33. Rc3 Rd2 34. Rf3 Rd6 35. Rf5 Kg7 36. Kg2 1-0

[Event "Late-Titled-Tuesday-Blitz-February-20-2024"]
[Site "Chess.com"]
[Date "2024.02.20"]
[Round "6"]
[White "Alex_Sahakyan2006"]
[Black "steepedgames"]
[Result "1-0"]
[WhiteElo "2825"]
[BlackElo "2559"]
[TimeControl "180+1"]
[EndTime "15:05:05 PST"]
[Termination "Alex_Sahakyan2006 won by checkmate"]

1. e4 e6 2. d4 d5 3. exd5 exd5 4. Nc3 Nf6 5. Nf3 Bd6 6. Bd3 O-O 7. Ne2 Bg4 8. Ng3 Re8+ 9. Be3 Bf4 10. O-O Bxe3 11. fxe3 Nbd7 12. h3 Bh5 13. Nxh5 Nxh5 14. Ne5 Nxe5 15.
Bxh7+ Kxh7 16. Qxh5+ Kg8 17. dxe5 g6 18. Qf3 Qd7 19. Qf4 Re6 20. Rf3 Rae8 21. Raf1 R8e7 22. Qd4 b6 23. Rf6 c5 24. Qf4 a5 25. Qh6 a4 26.
R1f4 Rxe5 27. Rxg6+ fxg6 28. Rf8# 1-0

[Event "Late-Titled-Tuesday-Blitz-February-20-2024"]
[Site "Chess.com"]
[Date "2024.02.20"]
[Round "6"]
[White "jodarmarlon1985"]
[Black "kibromNNN"]
[Result "1-0"]
[WhiteElo "2232"]
[BlackElo "1736"]
[TimeControl "180+1"]
[EndTime "15:05:06 PST"]
[Termination "jodarmarlon1985 won by checkmate"]

1. e4 e5 2. Nf3 Nc6 3. Bb5 Nf6 4. d3 d6 5. h3 a6 6. Bxc6+ bxc6 7. c4 Be7 8. Nc3 h6 9. O-O O-O 10. d4 exd4 11. Nxd4 c5 12. Nc6 Qd7 13. Nxe7+ Qxe7 14.
Re1 Be6 15. b3 Nd7 16. Bb2 Ne5 17. f4 Nc6 18. f5 Bd7 19. Nd5 Qd8 20. f6 g6 21. Qd2 Kh7 22. Bc1 g5 23. h4 Rg8 24.
hxg5 hxg5 25. Qe2 Kg6 26. Qe3 Kh6 27. Kf2 Ne5 28. Rh1+ Kg6 29. Qxg5# 1-0

[Event "Late-Titled-Tuesday-Blitz-February-20-2024"]
[Site "Chess.com"]
[Date "2024.02.20"]
[Round "6"]
[White "Beca95"]
[Black "pooh2012"]
[Result "1-0"]
[WhiteElo "2894"]
[BlackElo "2566"]
[TimeControl "180+1"]
[EndTime "15:05:09 PST"]
[Termination "Beca95 won by resignation"]

1. e4 c6 2. d4 d5 3. e5 Bf5 4. h4 h5 5. Bd3 Bxd3 6. Qxd3 Qa5+ 7. Nd2 Qa6 8. c4 e6 9. Ne2 Bb4 10. b3 Nd7 11. O-O Nh6 12. Ng3 g6 13. Nf3 Nf5 14.
Nxf5 gxf5 15. Bg5 Be7 16. Qc3 Nb6 17. Bxe7 Kxe7 18. Qb4+ Ke8 19. Rfc1 Rg8 20. Ng5 Rg7 21.
a4 Rd8 22. a5 Nc8 23. Qc3 Ke7 24. Qe3 dxc4 25. bxc4 Ke8 26. d5 cxd5 27. cxd5 Ne7 28. dxe6 fxe6 29. Qf3 Kf8 30. Qxh5 Kg8 31. Rc7 Qd3 32. Qh6 Qd5 33. Qxe6+ Kf8 34. Qf6+ Kg8 35. Rxe7 1-0

[Event "Late-Titled-Tuesday-Blitz-February-20-2024"]
[Site "Chess.com"]
[Date "2024.02.20"]
[Round "6"]
[White "yaguigor"]
[Black "ajeale2"]
[Result "1-0"]
[WhiteElo "2638"]
[BlackElo "2495"]
[TimeControl "180+1"]
[EndTime "15:05:10 PST"]
[Termination "yaguigor won on time"]

1. Nf3 d5 2. c4 e6 3. d4 Nf6 4. Nc3 Nbd7 5. Bf4 a6 6. c5 a5 7. h3 b6 8. Nb5 e5 9. Nxe5 Ba6 10. Nc6 Bxb5 11. Nxd8 Kxd8 12. e3 Bxf1 13. Kxf1 bxc5 14. dxc5 Bxc5 15. Rc1 Ra6 16. Be5 c6 17. Bxf6+ gxf6 18.
e4 d4 19. Qb3 Ke7 20. Qb7 Rb6 21. Qc7 Bd6 22. Qa7 Bb4 23. a3 Rhb8 24. axb4 R8b7 25.
Qxa5 Rxb4 26. g3 Rxb2 27. Rxc6 d3 28. Kg2 d2 29. Qa3+ Kd8 30. Rd1 Ne5 31. Rxd2+ Rxd2 32. Qa8+ Kd7 33. Qxb7+ Ke8 34. Rc8+ Rd8 35. Qb5+ Ke7 36.
Rxd8 Kxd8 37. f4 Nd7 38. Qh5 1-0

[Event "Late-Titled-Tuesday-Blitz-February-20-2024"]
[Site "Chess.com"]
[Date "2024.02.20"]
[Round "6"]
[White "abeljusto"]
[Black "romulocardoso"]
[Result "1-0"]
[WhiteElo "2091"]
[BlackElo "2324"]
[TimeControl "180+1"]
[EndTime "15:05:10 PST"]
[Termination "abeljusto won by checkmate"]

1. d4 Nf6 2. Bf4 e6 3. e3 d5 4.
Nf3 Bd6 5. Ne5 O-O 6. Nd2 c5 7. c3 Nc6 8. Bd3 Qc7 9. Ndf3 Ne4 10. Nxc6 Bxf4 11. Nce5 Bh6 12. O-O g6 13. Qb1 Ng5 14. Nxg5 Bxg5 15. f4 Bf6 16. Qd1 Bg7 17. Qg4 f6 18.
Nf3 f5 19. Qh4 Bf6 20. Qh3 Qe7 21. Ne5 c4 22. Bc2 b5 23. a3 a5 24. g4 Bd7 25.
Kh1 b4 26. axb4 axb4 27. Rxa8 Rxa8 28. gxf5 exf5 29. Nxd7 Qxd7 30. Rg1 b3 31. Bxf5 Qf7 32. Be6 Rf8 33. Bxf7+ Rxf7 34. Qc8+ Kg7 35. Qc6 Re7 36. Rg3 Bh4 37. Rh3 Bf6 38. Qxd5 Rc7 39. Qe6 h6 40. d5 Re7 41. Qc6 Rf7 42. d6 Rf8 43.
Qxc4 Rb8 44. Qd5 Rd8 45. d7 Kf8 46. c4 Ke7 47. Qd3 Rxd7 48. Qxb3 Rd2 49. Rg3 Ke6 50. Rg2 Rd8 51. Re2 Kf5 52. Kg2 Rd6 53. Kf3 Ke6 54. e4 Kf7 55. c5+ Re6 56. f5 Ke7 57. fxe6 Be5 58. Qd5 Bc7 59. Qd7+ Kf6 60. Qxc7 g5 61. Qf7+ Ke5 62. Qf5+ Kd4 63. Qd5# 1-0

[Event "Late-Titled-Tuesday-Blitz-February-20-2024"]
[Site "Chess.com"]
[Date "2024.02.20"]
[Round "6"]
[White "zajka-molotok"]
[Black "Alphafischer2019"]
[Result "0-1"]
[WhiteElo "2517"]
[BlackElo "2676"]
[TimeControl "180+1"]
[EndTime "15:05:12 PST"]
[Termination "Alphafischer2019 won on time"]

1. e4 c5 2. Nf3 Nc6 3. Bb5 Nf6 4. e5 Nd5 5. Nc3 Nc7 6. Bxc6 dxc6 7. h3 g6 8. O-O Bg7 9. d3 O-O 10. Bf4 Ne6 11.
Bg3 Qb6 12. Rb1 Rd8 13. Qe2 Qa5 14. a3 Qc7 15. Ne4 b6 16. h4 h6 17. Rfe1 a5 18. Qe3 a4 19. Rbd1 Qd7 20. Nh2 Nd4 21. Rc1 Nf5 22.
Qf4 Qd4 23. Qf3 Qxb2 24. h5 g5 25. Rb1 Qxc2 26. Rxb6 Be6 27. Rxc6 Nd4 28. Rxc5 Nxf3+ 29. Nxf3 Qxd3 0-1

[Event "Late-Titled-Tuesday-Blitz-February-20-2024"]
[Site "Chess.com"]
[Date "2024.02.20"]
[Round "6"]
[White "rionelG"]
[Black "emeli_chess"]
[Result "1-0"]
[WhiteElo "2229"]
[BlackElo "2411"]
[TimeControl "180+1"]
[EndTime "15:05:14 PST"]
[Termination "rionelG won by resignation"]

1. e4 c5 2. Nf3 d6 3. d4 cxd4 4. Nxd4 Nf6 5. Nc3 a6 6. Bg5 e6 7. f4 Nbd7 8. Qe2 Qc7 9. O-O-O b5 10. a3 Bb7 11. g4 Qb6 12. Bg2 Rc8 13. Bxf6 gxf6 14. h4 h5 15. g5 Rxc3 16. bxc3 Nc5 17. Rh3 Bg7 18. Nb3 Na4 19. Qe3 Qxe3+ 20. Rxe3 f5 21. Nd4 Ke7 22. Nxf5+ exf5 23. exf5+ Kd7 24. Bxb7 Bxc3 25. Red3 Kc7 26. Bd5 Rf8 27. Bb3 Bb2+ 28.
Kb1 1-0

[Event "Late-Titled-Tuesday-Blitz-February-20-2024"]
[Site "Chess.com"]
[Date "2024.02.20"]
[Round "6"]
[White "NowInChess"]
[Black "icaughtacrab"]
[Result "1-0"]
[WhiteElo "2283"]
[BlackElo "2039"]
[TimeControl "180+1"]
[EndTime "15:05:17 PST"]
[Termination "NowInChess won by resignation"]

1. e4 d5 2. exd5 Nf6 3. Bb5+ Bd7 4. Be2 Bf5 5. Nf3 Nxd5 6. d4 g6 7. O-O Bg7 8. c4 Nb6 9. Be3 O-O 10. Nc3 Nc6 11. Rc1 e5 12. d5 Ne7 13. Nh4 Bc8 14. f4 Nexd5 15. Nxd5 Qxh4 16. Nxc7 Rb8 17. c5 Nd7 18. Nd5 f5 19. fxe5 Bxe5 20. Bf4 Bxf4 21. Nxf4 Qe7 22. Ne6 Rf6 23. Nf4 Nxc5 24. Nd5 Qd8 25.
Nxf6+ Qxf6 26. Rxc5 Qb6 27. Bc4+ Be6 28. Bxe6+ Qxe6 29. Qd5 1-0

[Event "Late-Titled-Tuesday-Blitz-February-20-2024"]
[Site "Chess.com"]
[Date "2024.02.20"]
[Round "6"]
[White "MyDream003"]
[Black "Shankland"]
[Result "0-1"]
[WhiteElo "2749"]
[BlackElo "2947"]
[TimeControl "180+1"]
[EndTime "15:05:18 PST"]
[Termination "Shankland won on time"]

1. Nf3 g6 2. g3 Bg7 3. Bg2 e5 4. d3 Ne7 5. Nc3 c5 6. e4 d6 7. Nd2 Nbc6 8. Nc4 O-O 9. h4 f5 10. h5 f4 11. hxg6 hxg6 12. gxf4 exf4 13. f3 Be6 14.
Bh3 Qd7 15. Bxe6+ Qxe6 16. Ne2 d5 17. Nd2 Ne5 18. Kf2 Qb6 19. Kg2 g5 20. exd5 Nxd5 21.
Ne4 Qg6 22. N2c3 g4 23. Rg1 Nxc3 24. bxc3 Nxf3 25. Rh1 Ne5 26. Ba3 g3 27. Bxc5 f3+ 28.
Kg1 f2+ 29. Kg2 Rf4 30. Qh5 Rc8 31. Bd4 Qxh5 32. Rxh5 Nf3 33. Kxg3 Nxd4 34. Kxf4 Rf8+ 35. Kg4 Nxc2 36. Rah1 f1=Q 37. Rxf1 Rxf1 38. Rb5 b6 39. Rd5 Ne3+ 40. Kg3 Nxd5 0-1

[Event "Late-Titled-Tuesday-Blitz-February-20-2024"]
[Site "Chess.com"]
[Date "2024.02.20"]
[Round "6"]
[White "DefiantChair"]
[Black "ChessFanNM"]
[Result "1-0"]
[WhiteElo "2607"]
[BlackElo "2342"]
[TimeControl "180+1"]
[EndTime "15:05:19 PST"]
[Termination "DefiantChair won on time"]

1. d4 d5 2. c4 e6 3. Nf3 Nf6 4. g3 h6 5. Bg2 Bd6 6. O-O O-O 7. Nbd2 Nc6 8. a3 Re8 9. b4 dxc4 10. Nxc4 a5 11. b5 Nb8 12. Rb1 Nbd7 13. Qc2 Nb6 14. Rd1 Nxc4 15. Qxc4 a4 16. Bb2 Bd7 17. Qd3 Bf8 18. e4 Qb8 19. d5 Be7 20. Ne5 exd5 21. exd5 Bd6 22. Nxd7 Nxd7 23. Re1 Qa7 24. Bh3 Nf8 25. Qc3 f6 26. Kg2 Qc5 27. Qd3 Rad8 28. Bf5 h5 29. Rec1 Qb6 30. Bd4 Qa5 31. b6 cxb6 32.
Bxb6 Qa6 33. Qxa6 bxa6 34. Bxd8 Rxd8 35. Rb7 Bxa3 36. Rcc7 Bd6 37. Rxg7+ Kh8 38. Rgf7 a3 39. Bb1 Be5 40. f4 Bd4 41. Kf3 1-0

[Event "Late-Titled-Tuesday-Blitz-February-20-2024"]
[Site "Chess.com"]
[Date "2024.02.20"]
[Round "6"]
[White "BilodeauA"]
[Black "ProphetReborn"]
[Result "1-0"]
[WhiteElo "3039"]
[BlackElo "2856"]
[TimeControl "180+1"]
[EndTime "15:05:20 PST"]
[Termination "BilodeauA won by resignation"]

1. e4 e5 2. Nf3 Nf6 3. Nxe5 d6 4. Nf3 Nxe4 5. Nc3 Nxc3 6. dxc3 Be7 7. Bd3 Nd7 8. Be3 O-O 9. Qe2 c6 10. O-O-O Re8 11.
h4 Nf6 12. Nd4 Nd5 13. Bd2 Bf6 14. Qf3 Bd7 15. g4 Be5 16. g5 c5 17. Nf5 Bc6 18.
Qg4 Qa5 19. a3 Nxc3 20. Bxc3 Bxc3 21. bxc3 Bxh1 22. Rxh1 Qxc3 23. Kb1 d5 24. Qf3 Kh8 25. Nd6 Re1+ 26. Rxe1 Qxe1+ 27. Ka2 Qe6 28. Nxf7+ Kg8 29. Bxh7+ Kxh7 30. Qh5+ Kg8 31. g6 d4+ 32. Kb2 Kf8 33.
Qh8+ Ke7 34. Qxa8 Qb6+ 35. Kc1 Qxg6 36. Qxb7+ Kf6 37. Ng5 Ke5 38. Qc7+ Kd5 39. Qd7+ Kc4 40. Qe6+ Qxe6 41. Nxe6 Kc3 1-0

[Event "Late-Titled-Tuesday-Blitz-February-20-2024"]
[Site "Chess.com"]
[Date "2024.02.20"]
[Round "6"]
[White "Msb2"]
[Black "KaydenTroffChess"]
[Result "1-0"]
[WhiteElo "3012"]
[BlackElo "2822"]
[TimeControl "180+1"]
[EndTime "15:05:20 PST"]
[Termination "Msb2 won by resignation"]

1. d4 Nf6 2. c4 g6 3. Nc3 d5 4. cxd5 Nxd5 5. e4 Nxc3 6. bxc3 Bg7 7. Nf3 c5 8. Bb5+ Nd7 9. O-O O-O 10. Re1 b6 11. Bc6 Rb8 12. Bf4 e5 13. dxe5 Qc7 14.
Qd5 b5 15. e6 Qxf4 16. exd7 Bxd7 17. Bxd7 Bxc3 18. Qxc5 Bxa1 19. Rxa1 Rfd8 20. Bc6 Rdc8 21. Qe5 Qxe5 22. Nxe5 Rc7 23. Bd5 Kg7 24. h4 f6 25.
Nc6 Rbc8 26. Rc1 a5 27. Rc5 b4 28. Rc4 a4 29. Rxb4 Rxc6 30. Bxc6 Rxc6 31. Rxa4 Rc1+ 32.
Kh2 Rc2 33. f3 h5 34. Kg3 g5 35. hxg5 fxg5 36. Ra7+ Kg6 37. Ra6+ Kg7 38. a4 h4+ 39. Kh3 Ra2 40. a5 Kf7 41. Ra8 Ra1 42. a6 Rh1+ 43. Kg4 Rh2 44. a7 Rxg2+ 45. Kf5 Ra2 46.
Rh8 Ra5+ 47. e5 Kg7 48. a8=Q Rxa8 49. Rxa8 h3 50. Ra2 Kh6 51. Rh2 1-0

[Event "Late-Titled-Tuesday-Blitz-February-20-2024"]
[Site "Chess.com"]
[Date "2024.02.20"]
[Round "6"]
[White "FairChess_on_YouTube"]
[Black "vi_pranav"]
[Result "1-0"]
[WhiteElo "3067"]
[BlackElo "3010"]
[TimeControl "180+1"]
[EndTime "15:05:21 PST"]
[Termination "FairChess_on_YouTube won by checkmate"]

1. d4 Nf6 2. c4 e6 3. Nf3 b6 4. e3 Bb7 5. Bd3 Bb4+ 6. Nbd2 O-O 7. O-O d5 8. a3 Bd6 9. b4 dxc4 10. Nxc4 Nbd7 11.
Bb2 Re8 12. Rc1 Rc8 13. Nce5 c6 14. Ng5 Re7 15. f4 h6 16. Ngxf7 Rxf7 17. Nxf7 Kxf7 18.
Bc4 Nf8 19. f5 Kg8 20. fxe6 Qe7 21. e4 Nxe4 22. Qg4 Ng5 23. Rce1 Kh8 24. h4 Nfh7 25.
hxg5 Nxg5 26. Qf5 Nh7 27. Bd3 Nf8 28. Qf7 Qh4 29. Re5 Bxe5 30. Qxf8+ Rxf8 31. Rxf8# 1-0

[Event "Late-Titled-Tuesday-Blitz-February-20-2024"]
[Site "Chess.com"]
[Date "2024.02.20"]
[Round "6"]
[White "Phamtrangiaphuc2009"]
[Black "jaskol95"]
[Result "1-0"]
[WhiteElo "2395"]
[BlackElo "2593"]
[TimeControl "180+1"]
[EndTime "15:05:21 PST"]
[Termination "Phamtrangiaphuc2009 won by resignation"]

1. e4 d5 2. d3 e5 3. Nf3 Nc6 4.
exd5 Qxd5 5. Nc3 Bb4 6. Bd2 Bxc3 7. Bxc3 f6 8. g3 Nge7 9. Bg2 Be6 10. O-O Qd7 11.
Nh4 g5 12. Nf3 O-O-O 13. b4 h5 14. b5 Nb8 15. h4 gxh4 16. Nxh4 Bd5 17. Qe2 Rdg8 18.
Qe3 Bxg2 19. Kxg2 Nd5 20. Qd2 Qg4 21. Rh1 Nd7 22. Rae1 f5 23. Bxe5 Nxe5 24. Rxe5 Nf4+ 25. Kf1 Ng6 26. Nxg6 Rxg6 27. Rh4 Qf3 28. Qf4 Qd1+ 29. Kg2 Rf8 30. Rxf5 Re8 31. Rf8 Re6 32. Qf7 Qe2 33.
Rxe8+ Rxe8 34. Qf5+ Kb8 35. Re4 Rxe4 36. Qxe4 Qxe4+ 37. dxe4 Kc8 38. Kh3 Kd7 39. Kh4 Kd6 40. Kxh5 Kc5 41.
g4 Kxb5 42. g5 Kc5 43. g6 Kc4 44. g7 Kc3 45. g8=Q Kxc2 46. Qb3+ 1-0

[Event "Late-Titled-Tuesday-Blitz-February-20-2024"]
[Site "Chess.com"]
[Date "2024.02.20"]
[Round "6"]
[White "LUISMIGUELOV"]
[Black "viniciusrego"]
[Result "0-1"]
[WhiteElo "2184"]
[BlackElo "2411"]
[TimeControl "180+1"]
[EndTime "15:05:22 PST"]
[Termination "viniciusrego won by checkmate"]

1. d4 g6 2. c3 Bg7 3. Bg5 b6 4. e4 Bb7 5. Nd2 h6 6. Bh4 d6 7. Bc4 Nd7 8. f4 c5 9. d5 a6 10.
a4 Ngf6 11. Ngf3 g5 12. fxg5 hxg5 13. Bxg5 Ng4 14. Qe2 Qc7 15. h3 Be5 16. O-O-O Ngf6 17. Nxe5 dxe5 18. Nf3 Nh5 19. Rhe1 f6 20. Be3 Ng3 21. Qf2 Nxe4 22. Qg1 Nd6 23. Bb3 O-O-O 24. a5 b5 25. Bc2 Rdg8 26. g4 Rxh3 27. Qg2 Rhh8 28. Qf2 Rxg4 29.
Nd2 Bxd5 30. Bf5 Rg2 31. Qf1 Rhh2 32. Bxd7+ Kxd7 33. Nf3 Qxa5 34. Nxh2 Qa1# 0-1

[Event "Late-Titled-Tuesday-Blitz-February-20-2024"]
[Site "Chess.com"]
[Date "2024.02.20"]
[Round "6"]
[White "rcmz"]
[Black "Piotrek1979"]
[Result "0-1"]
[WhiteElo "2191"]
[BlackElo "2420"]
[TimeControl "180+1"]
[EndTime "15:05:23 PST"]
[Termination "Piotrek1979 won on time"]

1. b4 Nf6 2. Bb2 g6 3. Nf3 Bg7 4. e3 O-O 5. c4 a5 6. b5 b6 7. Qc2 Bb7 8. Be2 d6 9. d4 Nbd7 10. Nbd2 Re8 11. Rd1 a4 12. a3 e5 13. dxe5 dxe5 14.
O-O e4 15. Nd4 Qe7 16. Rfe1 Nc5 17. Nf1 h5 18. Bc3 h4 19. Bb4 h3 20. gxh3 Qe5 21.
Ng3 Bf8 22. Bc3 Qg5 23. Kh1 Qh4 24. Bf1 Nd3 25. Re2 Ne5 26. Bg2 Bxa3 27. Nc6 Nxc6 28. Bxf6 Qxf6 29. Nxe4 Rxe4 30. Qxe4 Na5 31. Qg4 Bd6 32.
Bxb7 Nxb7 33. f4 Nc5 34. Rd5 Re8 35. Kg2 a3 36. f5 Ne4 37. fxg6 Qxg6 38. Qxg6+ fxg6 39.
Kf3 Nc3 40. Rg2 Nxd5 41. cxd5 Kf7 42. e4 Rh8 0-1

[Event "Late-Titled-Tuesday-Blitz-February-20-2024"]
[Site "Chess.com"]
[Date "2024.02.20"]
[Round "6"]
[White "Andrei_Skvortsov"]
[Black "Practical-Play"]
[Result "1/2-1/2"]
[WhiteElo "2694"]
[BlackElo "2546"]
[TimeControl "180+1"]
[EndTime "15:05:24 PST"]
[Termination "Game drawn by repetition"]

1. e4 d5 2. exd5 Nf6 3. d4 Bg4 4. f3 Bf5 5. c4 e6 6. g4 Bxb1 7. Rxb1 exd5 8. g5 Nfd7 9. cxd5 Nb6 10. Bb5+ N8d7 11. Qb3 Be7 12. Nh3 O-O 13. O-O Nb8 14. Bd3 Qxd5 15. Qxd5 Nxd5 16. Be4 Rd8 17. Nf4 Nxf4 18.
Bxf4 c6 19. Rfd1 Na6 20. a3 Bd6 21. Be3 Nc7 22. Rbc1 Nd5 23. Bxd5 cxd5 24. h3 Re8 25. Kf2 Re7 26. Bd2 Rae8 27. Re1 Rxe1 28. Rxe1 Rxe1 29. Kxe1 Kf8 30. Ke2 Ke7 31. f4 Ke6 32. Kf3 Kf5 33.
Be3 Bc7 34. a4 a6 35. Bd2 b5 36. axb5 axb5 37. b3 Bb6 38. Be3 Ba5 39. Bc1 Bc3 40. Be3 Bb2 41. Bf2 h5 42. Be3 g6 43. Bf2 f6 44. gxf6 Kxf6 45. Be3 Kf5 46. Bf2 Bc3 47. Be3 Be1 48. Bg1 Bd2 49. Be3 Bc3 50. Bf2 Bd2 51. Be3 Bc3 52. Bf2 Bd2 53. Be3 1/2-1/2

[Event "Late-Titled-Tuesday-Blitz-February-20-2024"]
[Site "Chess.com"]
[Date "2024.02.20"]
[Round "6"]
[White "MKlose11"]
[Black "PacingRope"]
[Result "0-1"]
[WhiteElo "2614"]
[BlackElo "2908"]
[TimeControl "180+1"]
[EndTime "15:05:26 PST"]
[Termination "PacingRope won by resignation"]

1. e4 c5 2. Nc3 Nc6 3. g3 g6 4.
Bg2 Bg7 5. d3 d6 6. Nge2 e6 7. Be3 Nge7 8. Qd2 O-O 9. Bh6 f6 10. Bxg7 Kxg7 11. O-O Rb8 12. d4 a6 13. Rad1 cxd4 14. Nxd4 Ne5 15. b3 Qc7 16. f4 Nf7 17. Nce2 e5 18. Nf3 Be6 19. c4 b5 20. cxb5 axb5 21. Nc3 b4 22. Nd5 Nxd5 23. exd5 Bf5 24. Rc1 Qa7+ 25. Kh1 Rfc8 26. fxe5 dxe5 27. d6 Qd7 28.
Rxc8 Rxc8 29. Qxb4 Qxd6 30. Qxd6 Nxd6 31. Nh4 Be6 32. Rd1 Nb5 33. Nf3 e4 34. Nd2 Rd8 35.
Bxe4 Nc3 36. Rc1 Nxe4 37. Nxe4 Bd5 38. Rc7+ Kh6 39. Kg1 Bxe4 40. a4 Rd2 41. a5 Rb2 42. Rc4 Bd5 43. Rc5 Bxb3 44. Rb5 Rb1+ 45. Kf2 Bc2 46.
Rc5 Be4 47. a6 Ra1 48. Ke3 f5 49. h4 Rxa6 50. Kf4 Ra3 51. Rc7 Rf3+ 52. Ke5 Rxg3 53.
Kf6 Ra3 54. h5 Kxh5 55. Rxh7+ Kg4 56. Kxg6 Ra6+ 57. Kf7 Ra7+ 0-1

[Event "Late-Titled-Tuesday-Blitz-February-20-2024"]
[Site "Chess.com"]
[Date "2024.02.20"]
[Round "6"]
[White "FREZZY23"]
[Black "TheMagician"]
[Result "1-0"]
[WhiteElo "2424"]
[BlackElo "2210"]
[TimeControl "180+1"]
[EndTime "15:05:28 PST"]
[Termination "FREZZY23 won by resignation"]

1. c4 Nf6 2. Nf3 g6 3. g3 Bg7 4.
Bg2 O-O 5. O-O d6 6. d4 Nbd7 7.
Nc3 e5 8. dxe5 dxe5 9. h3 c6 10.
Be3 Re8 11. Qc2 a5 12. Rfd1 Qc7 13. Ng5 Bf8 14. Nge4 Nxe4 15. Nxe4 Be7 16. c5 Nf6 17.
Nd6 Rf8 18. Bh6 Rd8 19. Bg5 Be6 20. Qc3 Nd5 21. Bxd5 Bxd5 22. Qxe5 Bf8 23. Bxd8 Rxd8 24. e4 Be6 25. Kh2 b6 26. Qg5 Rd7 27. e5 bxc5 28. Ne8 Rxd1 29. Rxd1 Qe7 30. Nf6+ Kg7 31. Rd8 h6 32. Nh5+ Kh7 33. Qxe7 Bxe7 34. Nf6+ Bxf6 35.
exf6 Bxa2 36. Ra8 g5 37. Rxa5 c4 38. Rxa2 Kg6 39. Ra6 Kxf6 40. Rxc6+ Ke5 41. Rxc4 f5 42. Rc3 f4 43. g4 Kd5 44. Kg2 Kd4 45. Kf3 Kd5 46.
Ke2 Kd4 47. Kd2 Ke4 48. b4 Kd4 49. b5 1-0

[Event "Late-Titled-Tuesday-Blitz-February-20-2024"]
[Site "Chess.com"]
[Date "2024.02.20"]
[Round "6"]
[White "Cristi_Coca"]
[Black "lluiss"]
[Result "1-0"]
[WhiteElo "2379"]
[BlackElo "2188"]
[TimeControl "180+1"]
[EndTime "15:05:28 PST"]
[Termination "Cristi_Coca won on time"]

1. e4 e6 2. d4 d5 3. Nc3 Nf6 4. exd5 exd5 5. Nf3 Bd6 6. Bd3 O-O 7. O-O h6 8. h3 c6 9. Ne2 Qc7 10. c4 dxc4 11. Bxc4 Nbd7 12. Re1 Nb6 13. Bb3 Re8 14. Nc3 Rxe1+ 15. Qxe1 Bf5 16. Be3 Re8 17. Qd2 Ne4 18.
Nxe4 Bxe4 19. Ne1 Nd5 20. Bxd5 Bxd5 21. a3 f5 22. Nd3 g5 23. f4 Be4 24. Ne5 Bxe5 25.
dxe5 Rd8 26. Qf2 Qe7 27. Bxa7 Rd3 28. Re1 Qd7 29. Be3 Qd8 30. Qg3 Rd1 31. fxg5 Rxe1+ 32. Qxe1 hxg5 33. Bxg5 Qxg5 34. Qf2 f4 35. e6 f3 36. g3 Qc1+ 37. Kh2 Qd1 38. g4 Qe2 39. Kg3 Kf8 40. Qc5+ 1-0

[Event "Late-Titled-Tuesday-Blitz-February-20-2024"]
[Site "Chess.com"]
[Date "2024.02.20"]
[Round "6"]
[White "vrekhson"]
[Black "ukchessbomber"]
[Result "0-1"]
[WhiteElo "2341"]
[BlackElo "2609"]
[TimeControl "180+1"]
[EndTime "15:05:30 PST"]
[Termination "ukchessbomber won by checkmate"]

1. e4 a5 2. d4 h5 3. Nc3 g6 4. Be3 Bg7 5. Qd2 d6 6. f4 Bd7 7. Nf3 Nf6 8. e5 Ng4 9. Bg1 c6 10. exd6 exd6 11. O-O-O O-O 12. h3 Nf6 13. d5 cxd5 14.
Nxd5 Nxd5 15. Qxd5 Nc6 16. Qxd6 Be6 17. a3 Qf6 18.
Bd4 Nxd4 19. Qxd4 Qf5 20. Qe3 Rac8 21. Bd3 Qd5 22. Ne5 Qa2 23. Kd2 Qxb2 24. Nxg6 Qc3+ 25.
Ke2 Rfe8 26. Ne5 f6 27. Qe4 fxe5 28. Qh7+ Kf8 29. fxe5 Qxe5+ 30. Kf2 Qf4+ 31. Kg1 Bd4# 0-1